 Dungeon Crawl Stone Soup version 0.17-a0-1617-gfba1302 (webtiles) character file.

777 thrall606 the Skirmisher (level 7, -6/54 HPs)
             Began as a Demonspawn Abyssal Knight on Aug 1, 2015.
             Was a Priest of Lugonu.
             Killed by divine providence
             ... invoked by an orc priest
              (15 damage)
             ... on level 5 of the Dungeon.
             The game lasted 00:23:55 (5188 turns).

thrall606 the Skirmisher (DsAK)                     Turns: 5188, Time: 00:23:55

Health: -6/54      AC:  7    Str: 13    XL:     7   Next: 54%
Magic:  10/10      EV:  9    Int: 14    God:    Lugonu [***...]
Gold:   154        SH:  8    Dex: 13    Spells: 0 memorised, 6 levels left

rFire  + . .     SeeInvis .     e - +3 whip (distort)
rCold  . . .     Rnd*Rage +     t - +0 chain mail
rNeg   . . .     SustAt   .     j - +0 shield
rPois  .         Gourm    .     (helmet restricted)
rElec  .         Spirit   .     (no cloak)
rCorr  .         Warding  .     B - +1 pair of gloves
rMut   .         Stasis   .     (no boots)
MR     .....                    (no amulet)
Stlth  ..........               (no ring)
                                x - +5 ring of evasion

@: not resistant to hostile enchantments, extremely unstealthy
A: antennae 1, berserk 1, deformed body, fire resistance 1, powered by death 2
a: Depart the Abyss, Bend Space, Banish, Renounce Religion


You were on level 5 of the Dungeon.
You worshipped Lugonu.
Lugonu was most pleased with you.
You were not hungry.

You visited 1 branch of the dungeon, and saw 6 of its levels.
You visited the Abyss 1 time.

You collected 154 gold pieces.

Inventory:

Hand weapons
 a - a +1 hand axe
 e - a +3 whip of distortion (weapon)
 i - a +0 mace
 k - a cursed -1 whip
 n - a +2 dagger of venom
 r - a +0 flail
Armour
 b - a +0 leather armour
 f - a +0 pair of gloves
 j - a +0 shield (worn)
 t - a +0 chain mail (worn)
 B - a +1 pair of gloves (worn)
Jewellery
 x - a +5 ring of evasion (left hand)
Magical devices
 o - a wand of magic darts (17)
Scrolls
 c - a scroll of remove curse
 d - 2 scrolls of teleportation
 s - a scroll of identify
Potions
 g - 2 potions of cancellation
 m - a potion of agility
 p - a potion of brilliance
Books
 u - a book of Annihilations

   Spells                             Type                      Level
   a - Poison Arrow                   Conjuration/Poison           6
   b - Chain Lightning                Conjuration/Air              8
   c - Lehudib's Crystal Spear        Conjuration/Earth            8
   d - Glaciate                       Conjuration/Ice              9
   e - Fire Storm                     Conjuration/Fire             9
 y - a book of Beasts

   Spells                             Type                      Level
   a - Summon Butterflies             Summoning                    1
   b - Call Canine Familiar           Summoning                    3
   c - Summon Ice Beast               Ice/Summoning                4
   d - Summon Mana Viper              Hexes/Summoning              5
   e - Summon Hydra                   Summoning                    7
Comestibles
 h - 6 meat rations
 l - 2 beef jerkies
 v - a bread ration
 w - a slice of pizza
 A - 2 fruits


   Skills:
 + Level 4.2 Fighting
 + Level 1.8(2.4) Axes
 + Level 2.2(2.6) Maces & Flails
 + Level 4.2 Armour
 + Level 3.4 Dodging
 + Level 0.8 Stealth
 + Level 2.9 Shields
 + Level 4.0 Invocations


You had 6 spell levels left.
You didn't know any spells.

Dungeon Overview and Level Annotations

Branches:
Dungeon (6/15)
 Temple: D:4-7

Altars:
Kikubaaqudgha
Qazlal


Innate Abilities, Weirdness & Mutations

You regenerate health from kills.
You have a pair of small antennae on your head.
You tend to lose your temper in combat.
Armour fits poorly on your strangely shaped body.
Your flesh is heat resistant.


Message History

You block the orc wizard's attack.
You block the giant frog skeleton's attack.
You block the orc priest's attack.
The orc wizard casts a spell.
The orc wizard blinks!
Things that are here:
a club; an orc corpse You hit the giant frog skeleton but do no damage.
Space bends around the giant frog skeleton.
You feel less regenerative. The giant frog skeleton hits you.
The orc priest calls down the wrath of Beogh upon you.
Something smites you!
* * * LOW HITPOINT WARNING * * *
You block the orc's attack. The giant frog skeleton hits you.
* * * LOW HITPOINT WARNING * * *
The orc priest invokes the aid of Beogh against you.
Something smites you!
You die...

##...............%...#
##..................###
.########.............
...............
...............
.......o.......
......#oo.....≈
......Z)####.(≈
.....##@.# .... ##.#
... ... .. ###.. . ##


You could see an orc priest, an orc wizard, an orc and a giant frog skeleton.

Vanquished Creatures
  The ghost of asdu the Sneak, an average OpEn (D:3)
  Blork the orc (D:4)
  3 orc wizards (D:4)
  An orc priest (D:4)
  2 hounds
  An iguana (D:4)
  Jessica (D:2)
  3 gnolls (D:4)
  7 adders
  3 oozes
  5 giant geckos
  7 orcs
  A ball python (D:3)
  10 bats
  3 bat zombies (D:2)
  6 giant cockroaches
  10 hobgoblins
  3 jackals (D:2)
  6 kobolds
  A giant gecko skeleton (D:4)
  3 giant newts
  8 goblins
  11 rats
  3 rat zombies (D:2)
100 creatures vanquished.

Vanquished Creatures (others)
  The ghost of thrall606 the Conjurer, an average DsCj (D:4)
  An ice beast (D:3)
  2 orc wizards (D:4)
  An adder (D:3)
5 creatures vanquished.

Grand Total: 105 creatures vanquished

Notes
Turn   | Place    | Note
--------------------------------------------------------------
     0 | Abyss:1  | thrall606 the Demonspawn Abyssal Knight began the quest for the Orb.
     0 | Abyss:1  | Reached XP level 1. HP: 18/18 MP: 2/2
    56 | D:1      | Escaped the Abyss
   364 | D:1      | Acquired Lugonu's first power
   378 | D:1      | Gained mutation: You regenerate a little health from kills. [demonic ancestry]
   378 | D:1      | Reached XP level 2. HP: 21/24 MP: 4/4
   587 | D:1      | Reached skill level 1 in Dodging
  1270 | D:2      | Reached XP level 3. HP: 29/29 MP: 5/5
  1372 | D:2      | Acquired Lugonu's second power
  1636 | D:2      | Noticed Jessica
  1652 | D:2      | Killed Jessica
  1652 | D:2      | Reached XP level 4. HP: 18/35 MP: 6/6
  1812 | D:2      | Reached skill level 4 in Invocations
  1938 | D:2      | Found an ancient bone altar of Kikubaaqudgha.
  2732 | D:3      | Reached XP level 5. HP: 41/41 MP: 8/8
  2740 | D:3      | Noticed asdu's ghost (average OpEn)
  2788 | D:3      | Killed asdu's ghost
  2788 | D:3      | Reached skill level 1 in Maces & Flails
  2857 | D:3      | Acquired Lugonu's third power
  3006 | D:3      | You fall through a shaft for 3 floors!
  3012 | D:5      | Entered Level 5 of the Dungeon
  3013 | D:5      | Found a stormy altar of Qazlal.
  3039 | D:4      | Noticed thrall606's ghost (average DsCj)
  3042 | D:4      | Noticed an ice beast
  3060 | D:3      | Banished an ice beast
  3060 | D:3      | Reached skill level 1 in Shields
  3060 | D:3      | Reached XP level 6. HP: 14/47 MP: 9/9
  3897 | D:4      | Noticed Blork the orc
  3910 | D:4      | Killed Blork the orc
  4090 | D:4      | Gained mutation: Armour fits poorly on your strangely shaped body. [potion of mutation]
  4090 | D:4      | Gained mutation: Your flesh is heat resistant. [potion of mutation]
  4090 | D:4      | Gained mutation: You have a pair of small antennae on your head. [potion of mutation]
  4093 | D:4      | Gained mutation: Your spells are a little harder to cast, but a little more powerful. [potion of mutation]
  4093 | D:4      | Lost mutation: Your spells are a little harder to cast, but a little more powerful. [potion of mutation]
  4242 | D:4      | Banished thrall606's ghost
  4242 | D:4      | Gained mutation: You regenerate health from kills. [demonic ancestry]
  4242 | D:4      | Reached XP level 7. HP: 30/54 MP: 10/10
  4565 | D:4      | Lost mutation: Armour fits poorly on your strangely shaped body. [potion of mutation]
  4565 | D:4      | Gained mutation: Armour fits poorly on your strangely shaped body. [potion of mutation]
  4565 | D:4      | Gained mutation: You tend to lose your temper in combat. [potion of mutation]
  5023 | D:5      | Noticed an ice beast
  5188 | D:5      | Killed from afar by an orc priest

Vault maps used:
D:1:      minmay_arrival_solitary_statue, minivault_24, serial_bayou_pond_d
D:2:      lemuel_zombie_altar_kikubaaqudgha, serial_co_window_serial,
          co_window_paths_a, co_window_paths_a, co_window_paths_a,
          co_window_corner_a, co_window_corner_a, co_window_paths_a,
          co_window_paths_a, co_window_paths_b, co_window_paths_b,
          co_window_paths_c, co_window_unsneaky_path_d,
          co_window_of_opportunity_b, co_window_paths_e, co_window_paths_d,
          nicolae_ru_the_path_less_chosen, uniq_jessica
D:4:      eino_tiny_chamber, uniq_blork_the_orc
D:5:      grunt_qazlal_sundering, portal_sewer_entry_a, first_bread
D:6:      kennysheep_kobold_camp, gammafunk_temple_overflow_claw, uniq_pikel,
          uniq_duvessa

Action                   |  1- 3 |  4- 6 |  7- 9 || total
-------------------------+-------+-------+-------++-------
Melee: Whip              |    85 |   205 |    81 ||   371
       Hand axe          |     6 |       |       ||     6
Invok: Depart the Abyss  |     1 |       |       ||     1
  Use: Potion            |     5 |     6 |     3 ||    14
       Scroll            |     3 |     7 |       ||    10
  Eat: Chunk             |     3 |     3 |       ||     6
       Bread ration      |       |     1 |       ||     1
       Meat ration       |       |     1 |       ||     1
